cohdb
Replays
Latest Replays
All Replays
Popular Replays
Top Player Replays
Match Explorer
How It Works
Community
CoH3 Stats
Reddit
Sign in to upload your games and track your stats! →
Sign in with Steam
Match 27162357
Unlisted
Match 27162357
Overview
Messages
Build Orders
End
Construct Infanterie Kompanie
Selects Luftwaffe Battlegroup
Selects Luftwaffe Pioneer Support
Selects Luftwaffe Pioneer Support
Fallschirmpioneer Squad Paradrop
Grenadier Squad
GrW 34 Mortar Team
Construct Luftwaffe Kompanie
MG 42 Machine Gun Team
Selects Reconnaissance Run
Reconnaissance Run
Construct Panzer Kompanie
Reconnaissance Run
Medical Bunker
atank
Glorb
Hunter GLA
Hevsik
Alabama Cave Goblin
Funky Ayylien
floodrage
2871044586
0
0
Comments
sign in to comment!
No comments posted yet!